 Dungeon Crawl Stone Soup version 0.31.0-9-g3a7656b989 (webtiles) character file.

Game seed: 12830166618356296442

23720 SnakkuSnakku7 the Marksdjinni (level 13, -11/96 HPs)
             Began as a Djinni Hunter on Jan 24, 2024.
             Was the Champion of Qazlal.
             Mangled by a frost giant
             ... wielding a +0 battleaxe of freezing
              (36 damage)
             ... in an ice cave.
             The game lasted 00:16:43 (8976 turns).

SnakkuSnakku7 the Marksdjinni (Djinni Hunter)       Turns: 8976, Time: 00:16:43

Health: -11/96     AC:  6    Str: 10    XL:     13   Next: 37%
Gold:   362        EV: 17    Int: 11    God:    Qazlal [******] SH:  8 Dex: 28

rFire   + + .        a - +1 orcbow (heavy)
rCold   + + .        (shield currently unavailable)
rNeg    . . .        d - +2 robe {rC+}
rPois   ∞            q - +0 helmet
rElec   .            e - +0 cloak
rCorr   .            (no gloves)
SInv    .            (boots unavailable)
Will    +....        v - amulet of regeneration
Stlth   +            k - +6 ring of dexterity
HPRegen 1.16/turn    h - ring of protection from cold
MPRegen 0.00/turn

%: repel missiles, infuse magic (-12 HP)
@: protected from cold, flying, hasted, very quick
A: sickness immunity, fire resistance 2, cold vulnerability 1, float, innate
caster, HP casting, extra vitality 1
a: Renounce Religion, Upheaval, Elemental Force, Disaster Area


You were in an ice cave.
You worshipped Qazlal.
Qazlal was exalted by your worship.
You visited 2 branches of the dungeon, and saw 11 of its levels.
You also visited: Sewer and Ice Cave.

You collected 798 gold pieces.
You spent 436 gold pieces at shops.

Inventory:

Hand Weapons
 a - a +1 heavy orcbow (weapon)
 I - a +1 orcbow of freezing
Missiles
 H - 7 curare-tipped darts
Armour
 b - +0 steam dragon scales
 d - a +2 robe of cold resistance (worn)
 e - a +0 cloak (worn)
 q - a +0 helmet (worn)
Jewellery
 h - a ring of protection from cold (right hand)
 k - a +6 ring of dexterity (left hand)
 r - a +6 ring of dexterity
 v - an amulet of regeneration (around neck)
 E - a ring of resist corrosion
Wands
 p - a wand of flame (37)
 t - a wand of digging (5)
 y - a wand of polymorph (23)
 A - a wand of charming (9)
 J - a wand of quicksilver (6)
Scrolls
 j - a scroll of revelation
 m - 6 scrolls of teleportation
 z - 3 scrolls of fog
 C - a scroll of poison
 F - 2 scrolls of enchant weapon {unknown}
 K - a scroll of immolation
Potions
 f - a potion of lignification
 g - 3 potions of enlightenment
 i - 2 potions of cancellation
 n - a potion of attraction
 o - a potion of heal wounds
 s - a potion of invisibility
 u - 2 potions of brilliance
 w - a potion of ambrosia
 x - 4 potions of mutation
 B - 2 potions of resistance
 D - 2 potions of curing


   Skills:
 - Level 10.0 Fighting
 - Level 16.0 Ranged Weapons
 + Level 5.8 Dodging
 - Level 0.7 Stealth


You knew the following spells:

 Your Spells              Type           Power      Damage    Failure   Level
a - Shock                 Conj/Air       0%         1d3       34%         1
b - Mercury Vapours       Alch/Air       0%         N/A       47%         2
c - Call Imp              Summ           0%         N/A       47%         2
d - Summon Blazeheart Go  Fire/Summ      0%         N/A       98%         4
e - Martyr's Knell        Necr/Summ      0%         N/A       98%         4
f - Arcjolt               Conj/Air       0%         1d10      100%        5
Your spell library was empty.


Dungeon Overview and Level Annotations

Branches:
Dungeon (10/15)            Temple (0/1) D:7            Lair (1/5) D:10
    Orc (0/2) D:10          Sewer (visited)           IceCv (1/1)

Altars:
Ashenzari
Hepliaklqana
Makhleb
Okawaru
Qazlal
Xom

Shops:
D:5 *   D:7 *


Innate Abilities, Weirdness & Mutations

You are immune to sickness and miasma.
You are immune to poison.
Your flesh is very heat resistant. (rF++)
You are vulnerable to cold. (rC-)
You float through the air rather than walking.
You learn spells naturally, not from books.
Your magical power is your life essence.
You have superior vitality. (+4 MHP)


Message History

You hear a shout!
You hear an angry growl.
You hear a howl! x3
Your Dodging skill increases to level 5!
You shoot an arrow. The arrow hits the death yak!
The death yak is moderately wounded.
You shoot an arrow. The arrow barely misses the death yak.
You hear an angry growl.
The death yak gores you!
A frost giant comes into view.
It is wielding a +0 battleaxe of freezing.
You shoot an arrow. The arrow hits the death yak!!
The death yak is severely wounded.
The death yak closely misses you.
You shoot an arrow. The arrow hits the death yak!!
The death yak is almost dead.
A polar bear comes into view.
The death yak misses you.
You shoot an arrow. The polar bear growls angrily.
The arrow hits the death yak!!!
You kill the death yak!
Qazlal accepts your kill.
The frost giant points at you and mumbles some strange words.
The bolt of cold hits you!! You resist.
You shoot an arrow. The arrow hits the frost giant!
The frost giant is lightly wounded.
A polar bear comes into view.
Unknown command.
You shoot an arrow. The arrow hits the frost giant!
The frost giant is lightly wounded.
The frost giant hits you with a +0 battleaxe of freezing!!
You feel protected from cold. The frost giant freezes you!
* * * LOW HITPOINT WARNING * * *
You are too injured to fight recklessly!
Unknown command.
Okay, then.
You feel yourself speed up.
You hear a howl!
A polar bear comes into view.
The frost giant hits you with a +0 battleaxe of freezing!!!
You die... ## #h #.## hh#

#C#
##@#
###†##
##.#.#
#....#
##.#.##
#.###.#
#.##..#
#..#.##
##.#..#


You could see a frost giant and 3 polar bears.

Vanquished Creatures
  Fannar (D:10)
  2 two-headed ogres
  3 death yaks (IceCv)
  Amaemon (D:10)
  An ugly thing (IceCv)
  A cyclops (D:9)
  A black mamba (Lair:1)
  An ice statue (IceCv)
  A torpor snail (Lair:1)
  An orange demon (D:10)
  4 rime drakes (Lair:1)
  2 cane toads (Lair:1)
  A komodo dragon (Lair:1)
  A troll (D:9)
  9 polar bears (IceCv)
  2 dream sheep (Lair:1)
  A shadow (D:9)
  2 wyverns
  A vampire (D:9)
  27 yaks
  A basilisk (D:10)
  4 steam dragons
  8 vampire mosquitoes (D:10)
  Grum (Lair:1)
  Edmund (D:4)
  4 water moccasins
  A sky beast (D:7)
  4 black bears
  5 orc warriors
  3 ogres
  23 wolves
  A phantom (D:4)
  11 kobold brigands
  A bullfrog (Lair:1)
  3 scorpions
  11 wights
  6 killer bees (D:9)
  6 howler monkeys (D:10)
  2 lava snakes (D:9)
  A bombardier beetle (D:4)
  2 hounds (D:5)
  A jelly (D:7)
  4 orc priests
  2 sleepcaps
  A gnoll bouda (D:6)
  3 iguanas
  Ijyb (D:4)
  12 orc wizards
  Robin (D:4)
  8 adders
  10 gnolls
  11 river rats (Sewer)
  3 white imps
  2 ufetubi (D:5)
  2 dart slugs
  4 ribbon worms
  17 orcs
  11 ball pythons
  4 bats
  7 endoplasms
  4 giant cockroaches
  9 goblins
  12 hobgoblins
  42 kobolds
  6 quokkas
  3 frilled lizards
  23 rats
  A spectral goblin (D:1)
366 creatures vanquished.

Vanquished Creatures (others)
  A hornet (D:8)
1 creature vanquished.

Grand Total: 367 creatures vanquished

Notes
Turn   | Place    | Note
-------+----------+-------------------------------------------
     0 | D:1      | SnakkuSnakku7 the Djinni Hunter began the quest for the
                  | Orb.
     0 | D:1      | Reached XP level 1. HP: 18/18 MP: 0/0
    36 | D:1      | Found a faded altar of an unknown god.
    43 | D:1      | Prayed at the altar of an unknown god.
    43 | D:1      | Became a worshipper of Qazlal Stormbringer
    43 | D:1      | Reached * piety under Qazlal
    88 | D:1      | Reached XP level 2. HP: 23/23 MP: 0/0
   187 | D:1      | Reached XP level 3. HP: 28/28 MP: 0/0
   187 | D:1      | Learned a level 1 spell: Shock
   191 | D:1      | Reached skill level 4 in Ranged Weapons
   373 | D:1      | Reached ** piety under Qazlal
   564 | D:2      | Reached XP level 4. HP: 12/33 MP: 0/0
  1493 | D:3      | Reached skill level 5 in Ranged Weapons
  1493 | D:3      | Reached XP level 5. HP: 38/38 MP: 0/0
  1493 | D:3      | Learned a level 2 spell: Mercury Vapours
  1894 | D:4      | Noticed a phantom
  1911 | D:4      | Killed a phantom
  1912 | D:4      | Reached skill level 6 in Ranged Weapons
  1912 | D:4      | Reached XP level 6. HP: 29/43 MP: 0/0
  1923 | D:4      | Reached *** piety under Qazlal
  1978 | D:4      | Noticed Ijyb
  1978 | D:4      | Noticed Robin
  1997 | D:4      | Killed Ijyb
  2037 | D:4      | Reached XP level 7. HP: 43/49 MP: 0/0
  2037 | D:4      | Learned a level 2 spell: Call Imp
  2044 | D:4      | Killed Robin
  2173 | D:4      | Found a glowing drain.
  2181 | Sewer    | Entered a sewer
  2275 | Sewer    | Reached **** piety under Qazlal
  2316 | Sewer    | Reached skill level 7 in Ranged Weapons
  2611 | Sewer    | Reached XP level 8. HP: 29/54 MP: 0/0
  2647 | Sewer    | Reached skill level 8 in Ranged Weapons
  2767 | D:4      | Found a burning altar of Makhleb.
  3045 | D:4      | Noticed Edmund
  3068 | D:4      | Killed Edmund
  3248 | D:5      | Entered Level 5 of the Dungeon
  3323 | D:5      | Reached skill level 9 in Ranged Weapons
  3493 | D:5      | Found a shimmering altar of Xom.
  3592 | D:5      | Found Nuttosu's Assorted Antiques.
  3600 | D:5      | Bought a cyan potion for 20 gold pieces
  3600 | D:5      | Bought a fuming red potion for 20 gold pieces
  3600 | D:5      | Bought a scroll labelled OREH EWNIT for 23 gold pieces
  3600 | D:5      | Bought a glowing golden potion for 20 gold pieces
  3600 | D:5      | Bought a jewelled iron wand for 92 gold pieces
  3941 | D:5      | Reached XP level 9. HP: 30/58 MP: 0/0
  3941 | D:5      | Learned a level 4 spell: Summon Blazeheart Golem
  4097 | D:6      | You are sucked into a shaft and drop 1 floor!
  4143 | D:7      | Noticed Maurice
  4204 | D:7      | Something stole a throwing net
  4215 | D:7      | Something stole 139 gold
  4363 | D:7      | Maurice stole a +0 shortbow
  4370 | D:7      | Noticed Maurice
  4375 | D:7      | Killed Maurice the jelly
  4423 | D:7      | Reached skill level 10 in Ranged Weapons
  4549 | D:7      | Found Xoicoif's Assorted Antiques.
  4554 | D:7      | Bought a twisted brass amulet for 145 gold pieces
  4583 | D:7      | Found a staircase to the Ecumenical Temple.
  4793 | D:6      | Found a hazy altar of Hepliaklqana.
  4943 | D:6      | Found a broken altar of Ashenzari.
  4947 | D:6      | Saw a vision of the Shoals and the Snake Pit.
  4947 | D:6      | Noticed a manticore
  4947 | D:6      | Noticed a harpy
  4947 | D:6      | Noticed a skyshark
  4947 | D:6      | Noticed a merfolk avatar
  4947 | D:6      | Noticed a mana viper
  4947 | D:6      | Noticed a black mamba
  4947 | D:6      | Noticed a naga mage
  4947 | D:6      | Noticed a naga sharpshooter
  4947 | D:6      | Noticed an anaconda
  4947 | D:6      | Noticed a naga warrior
  4947 | D:6      | Noticed a shock serpent
  4948 | D:6      | Noticed a black mamba
  4948 | D:6      | Noticed a naga sharpshooter
  4948 | D:6      | Noticed a merfolk
  4949 | D:6      | Noticed a snapping turtle
  4949 | D:6      | Noticed a manticore
  5328 | D:7      | Reached skill level 11 in Ranged Weapons
  5888 | D:7      | Bought 2 scrolls labelled TAKUJIS ROB for 58 gold pieces
  5888 | D:7      | Bought a scroll labelled TAKUJIS ROB for 29 gold pieces
  5888 | D:7      | Bought a scroll labelled TAKUJIS ROB for 29 gold pieces
  5942 | D:8      | Noticed a hornet
  5957 | D:8      | Reached XP level 10. HP: 58/64 MP: 0/0
  6038 | D:8      | Reached ***** piety under Qazlal
  6047 | D:8      | Reached skill level 12 in Ranged Weapons
  6494 | D:9      | Noticed a two-headed ogre
  6511 | D:9      | Killed a two-headed ogre
  6721 | D:9      | Reached skill level 13 in Ranged Weapons
  6850 | D:9      | Reached XP level 11. HP: 57/68 MP: 0/0
  6850 | D:9      | Learned a level 4 spell: Martyr's Knell
  6937 | D:9      | Noticed a cyclops
  6945 | D:9      | Killed a cyclops
  7040 | D:9      | Reached skill level 14 in Ranged Weapons
  7248 | D:9      | Found an iron altar of Okawaru.
  7657 | D:10     | Entered Level 10 of the Dungeon
  7657 | D:10     | Noticed Fannar
  7667 | D:10     | Killed Fannar
  7703 | D:10     | Noticed a two-headed ogre
  7713 | D:10     | Noticed Amaemon
  7714 | D:10     | Killed a two-headed ogre
  7788 | D:10     | Reached skill level 15 in Ranged Weapons
  7910 | D:10     | Reached XP level 12. HP: 74/74 MP: 0/0
  7945 | D:10     | Killed Amaemon
  8030 | D:10     | Found a staircase to the Lair.
  8100 | D:10     | Reached ****** piety under Qazlal
  8105 | D:10     | Reached skill level 16 in Ranged Weapons
  8139 | D:10     | Found a staircase to the Orcish Mines.
  8369 | Lair:1   | Entered Level 1 of the Lair of Beasts
  8457 | Lair:1   | Reached skill level 5 in Fighting
  8536 | Lair:1   | Noticed Grum
  8539 | Lair:1   | Killed Grum
  8554 | Lair:1   | Found a frozen archway.
  8560 | IceCv    | Entered an ice cave
  8692 | IceCv    | Reached XP level 13. HP: 75/93 MP: 0/0
  8692 | IceCv    | Learned a level 5 spell: Arcjolt
  8744 | IceCv    | Reached skill level 10 in Fighting
  8793 | IceCv    | Identified the orb "Ydenuw" {light, Alchemy}
  8969 | IceCv    | Reached skill level 5 in Dodging
  8970 | IceCv    | Noticed a frost giant
  8976 | IceCv    | Mangled by a frost giant

Illustrated notes

Levels and vault maps discovered:
D:1:      dpeg_arrival_rhombus, layout_rooms,
          dreamdust_ecumenical_altar_drowned_temple
D:2:      layout_loops_ring, hangedman_decor_clover_reticule
D:3:      layout_basic, minmay_surrounded
D:4:      layout_loops_ring, lightli_temple_of_fire, gup_sewer_entry_bubbles,
          nicolae_goblin_pals, uniq_edmund
D:5:      layout_rooms, lemuel_crystal_altar, serial_shops,
          nicolae_shop_tiny_waterfront
D:6:      layout_cave_pools, nicolae_hepliaklqana_hazy_memory,
          grunt_ashenzari_visionary [grunt_ashenzari_visionary_shoals,
          grunt_ashenzari_visionary_snake]
D:7:      layout_basic, minmay_temple_entry_hall, serial_shops,
          nicolae_shop_hallway_plus, uniq_maurice
D:8:      layout_basic, led_sif_book
D:9:      layout_loops_corners, okawaru_gym_becter, kennysheep_pointless_box,
          nicolae_eternal_life, chequers_avenue, amcnicky_mini_pool_medium
D:10:     layout_roguey, minmay_lair_entry_grove, david_orc_4, uniq_amaemon,
          uniq_fannar
Lair:1:   layout_cellular_growth, portal_ice_cave_rime, kennysheep_snail_temple,
          uniq_grum
IceCv:    ice_cave_caverns_03

Skill      XL: |  1  2  3  4  5  6  7  8  9 10 11 12 13 |
---------------+----------------------------------------+-----
Ranged Weapons | 4 5 6 7 9 11 13 15 16 | 16.0
Fighting       | 8 10 | 10.0
Dodging        | 5 |  5.8
Stealth        | |  0.7

Action                     |  1- 3 |  4- 6 |  7- 9 | 10-12 | 13-15 || total
---------------------------+-------+-------+-------+-------+-------++-------
  Melee: Unarmed           |       |       |     3 |       |       ||     3
   Fire: Shortbow          |    66 |   181 |   334 |       |       ||   581
         Orcbow            |       |       |    60 |   406 |    95 ||   561
  Throw: Dart              |       |       |     2 |     1 |       ||     3
         Throwing net      |       |       |     1 |       |       ||     1
  Evoke: Wand              |       |       |    10 |       |       ||    10
    Use: Scroll            |       |       |     9 |    11 |     1 ||    21
         Potion            |       |       |     1 |     8 |     1 ||    10
   Stab: Held in net/web   |       |       |     1 |       |       ||     1
 Armour: Leather armour    |    11 |    53 |   147 |    56 |       ||   267
         Troll leather arm |       |       |       |    56 |       ||    56
         Steam dragon scal |       |       |       |    43 |       ||    43
         Robe              |       |       |       |    41 |    56 ||    97
  Dodge: Dodged            |    12 |    42 |   156 |   183 |    52 ||   445
         Repelled          |       |       |     2 |       |     1 ||     3
  Block: Other             |     1 |     6 |    55 |    89 |    22 ||   173
